Map: Abiogenesis LE

Players

Wahre

  • Race: Zerg Zerg
  • League: Gold
  • Spawn Location: 11:00

Kozzy - Winner!

  • Race: Protoss Protoss
  • League: Gold
  • Spawn Location: 5:00

VOD

Have the link to the VOD?

Description

Time

  • Played on: April 11, 2018, 4:10 p.m.
  • Length: 7:01
Show
View Real Time Build Order
Export as new Build Order

Wahre Zerg 

Build Orders: Pool First 

Get SALT Encoding   

  12  0:22  Spawning Pool  
  12  0:25  Drone  
  12  0:28  Drone  
  13  0:32  Drone  
  14  0:41  Overlord  
  14  1:09  Zergling x2  
  14  1:10  Zergling x4  
  17  1:21  Zergling x2  
  18  1:38  Hatchery  
  17  1:40  Queen  
  17  1:43  Drone, Extractor  
  17  1:45  Drone  
  20  1:55  Overlord  
  20  2:10  Drone  
  21  2:22  Zergling x2  
  22  2:44  Zergling x4  
  22  2:49  Zergling x2  
  24  2:53  Zergling x2  
  24  3:01  Zergling x4  
  25  3:09  Metabolic Boost  
  24  3:18  Zergling x4  
  25  3:23  Drone x2  
  21  3:55  Lair  
  21  4:00  Drone x3  
  21  4:01  Drone x3  
  27  4:20  Hatchery  
  27  4:22  Drone x2  
  27  4:23  Drone  
  29  4:27  Overlord  
  29  4:39  Overlord  
  29  4:40  Overlord  
  29  5:00  Infestation Pit  
  28  5:07  Drone x4  
  28  5:08  Drone x2  
  28  5:10  Extractor  
  33  5:15  Spire  
  32  5:28  Drone x2  
  34  5:44  Drone x6  
  34  5:45  Hydralisk Den  
  34  5:48  Extractor  
  34  5:49  Extractor  
  37  5:55  Drone x2  
  37  5:56  Drone  
  40  6:08  Drone x2  
  40  6:09  Drone x2  
  44  6:14  Hatchery  
  43  6:24  Hydralisk  
  45  6:26  Drone x5  
  50  6:43  Drone x2  
  50  6:44  Drone x2  
Show
View Real Time Build Order
Export as new Build Order

Kozzy Protoss - Winner!

Build Orders:  

Get SALT Encoding   

  12  0:02  Probe  
  14  0:14  Probe  
  14  0:22  Pylon  
  14  0:26  Probe  
  15  0:40  Probe (Chrono Boost)  
  16  0:46  Gateway  
  16  0:51  Assimilator  
  16  0:52  Probe (Chrono Boost)  
  17  0:58  Probe (Chrono Boost)  
  18  1:06  Probe  
  19  1:18  Probe  
  20  1:27  Gateway  
  20  1:32  Gateway  
  20  1:34  Pylon  
  20  1:35  Zealot (Chrono Boost)  
  22  1:58  Cybernetics Core  
  22  2:16  Pylon  
  22  2:34  Zealot (Chrono Boost)  
  22  2:36  Shield Battery  
  24  2:37  Pylon  
  24  2:38  Zealot (Chrono Boost)  
  24  2:44  Pylon  
  23  2:54  Zealot (Chrono Boost)  
  25  3:00  Gateway, Forge  
  25  3:08  Zealot (Chrono Boost)  
  25  3:12  Shield Battery  
  25  3:22  Pylon  
  25  3:32  Stalker  
  25  3:33  Zealot  
  27  3:43  Photon Cannon  
  27  3:53  Warp Gate  
  27  3:54  Stalker  
  29  4:25  Robotics Facility  
  29  4:29  Protoss Ground Weapons Level 1 (Chrono Boost)  
  30  4:43  Zealot  
  30  4:44  Zealot  
  32  4:47  Pylon  
  32  4:56  Pylon  
  32  5:09  Zealot  
  32  5:11  Immortal (Chrono Boost)  
  38  5:22  Pylon  
  38  5:41  Immortal  
  42  6:06  Zealot x2  
  42  6:07  Zealot  
  48  6:21  Immortal  
  52  6:41  Zealot  
  52  6:42  Zealot x2  
Tags
 
League
GoldGold
Matchup
PvZ
Opening
Pool First
Spawn Locations
Cross Positions
Add a new tag
Caveats
  • Supply blocks, unpowered buildings, or Contaminate may cause inaccurate times.
  • Supply counts are checked every 10 seconds.